 Dungeon Sprint DCSS version 0.29.1-15-g9cfb28693d (webtiles) character file.

Game seed: 12832993435255655899

134 Groucho the Ducker (level 4, -3/21 HPs)
             Began as a Spriggan Earth Elementalist on Feb 25, 2023.
             Slain by a red devil
             ... wielding a +1 vampiric demon trident
             ... summoned by a kobold demonologist
              (24 damage)
             ... in the Dungeon (Sprint III: "The Ten Rune Challenge").
             The game lasted 00:02:59 (1370 turns).

Groucho the Ducker (Spriggan Earth Elementalist)    Turns: 1370, Time: 00:02:59

Health: -3/21      AC:  3    Str:  4    XL:     4   Next: 95%
Magic:  9/12       EV: 20    Int: 18    God:
Gold:   17         SH:  0    Dex: 15    Spells: 10/14 levels left

rFire   . . .      SeeInvis +   h - +2 quarterstaff (chaos)
rCold   . . .      Faith    .   (shield currently unavailable)
rNeg    . . .      Spirit   .   a - +0 robe
rPois   .          Reflect  .   (helmet restricted)
rElec   .          Harm     .   i - +0 cloak
rCorr   .          Rampage  .   (gloves unavailable)
Will    .....      NoTele   +   (boots unavailable)
Stlth   ++........              (no amulet)
HPRegen 0.07/turn               (no ring)
MPRegen 0.13/turn               (no ring)

@: very quick
A: very small, no large weapons, unfitting armour, see invisible, speed 3
a: no special abilities


You were in the Dungeon.
You visited 1 branch You collected 17 gold pieces.

Inventory:

Hand Weapons
 h - a +2 quarterstaff of chaos (weapon)
Armour
 a - a +0 robe (worn)
 i - a +0 cloak (worn)
Scrolls
 g - a scroll of blinking
 k - a scroll of immolation {unknown}
 l - a scroll of identify {unknown}
 m - a scroll of torment {unknown}
 n - a scroll of fear {unknown}
Potions
 b - 3 potions of magic
 c - a potion of curing
 d - a potion of heal wounds
 e - 2 potions of haste
 f - a potion of berserk rage
 j - 5 potions of mutation {unknown}
 o - a potion of flight {unknown}


   Skills:
 + Level 6.3 Dodging
 - Level 3.0 Stealth
 + Level 5.8 Spellcasting
 * Level 3.2 Conjurations
 - Level 1.3 Transmutations
 * Level 6.2 Earth Magic


You had 10 spell levels left.
You knew the following spells:

 Your Spells              Type           Power      Damage    Failure   Level
a - Sandblast             Erth           54%        2d13      1%          1
b - Stone Arrow           Conj/Erth      44%        3d9       5%          3

Your spell library contained the following spells:

 Spells                   Type           Power      Damage    Failure   Level
 Passwall                 Tmut/Erth      15%        N/A       3%          2
 Petrify                  Tmut/Erth      18%        N/A       26%         4


Dungeon Overview and Level Annotations

Branches:
Dungeon (1/1)

Altars:
Kikubaaqudgha
Sif Muna
Vehumet


Innate Abilities, Weirdness & Mutations

You are very small and have problems with some larger weapons.
You are too small for most types of armour.
You have supernaturally acute eyesight. (SInv)
You cover ground extremely quickly. (Speed+++)


Message History

There is a fountain of clear blue water here.
You open the door.
Found a radiant altar of Vehumet.
A wizard and a kobold demonologist come into view.
Found a book of Maledictions and 17 gold pieces.
Found two altars.
The wizard shouts!
The wizard hits you but does no damage.
There is an open door here.
Casting: Sandblast (safe; 1% risk of failure)
Confirm with . or Enter, or press ? or * to list all spells.
Aiming: Sandblast (safe; 1% risk of failure)
Press: ? - help, Shift-Dir - straight line, f - kobold demonologist
Aim: a kobold demonologist, wielding a +0 dagger and wearing a +0 robe (76% to hit)
The blast of sand hits the wizard!
The wizard is almost dead.
The wizard gestures wildly while chanting.
The wizard blinks!
Unknown command.
Casting: Sandblast (safe; 1% risk of failure)
Confirm with . or Enter, or press ? or * to list all spells.
Aiming: Sandblast (safe; 1% risk of failure)
Press: ? - help, Shift-Dir - straight line, f/p - kobold demonologist
Aim: a kobold demonologist, wielding a +0 dagger and wearing a +0 robe (76% to hit)
The blast of sand hits the kobold demonologist.
The kobold demonologist is moderately wounded.
The kobold demonologist barely misses you.
The kobold demonologist mumbles some strange words.
The wizard mumbles some strange words.
The wizard blinks!
Casting: Sandblast (safe; 1% risk of failure)
Confirm with . or Enter, or press ? or * to list all spells.
Aiming: Sandblast (safe; 1% risk of failure)
Press: ? - help, Shift-Dir - straight line, f/p - kobold demonologist
Aim: a kobold demonologist, wielding a +0 dagger and wearing a +0 robe (moderately wounded, 76% to hit)
The blast of sand misses the kobold demonologist.
The kobold demonologist barely misses you.
The red devil hits you from afar with a +1 vampiric demon trident!!
Ouch! That really hurt!
You die...

#..#......♣ ♣.#
####....♣♣♣ ♣.#
...#....~♣♣♣♣♣.###+#+###+#
...#...~~♣..♣..#..........
..)#..~~~~.♣♣..'.⌠........
##'#..~≈≈~~~...#§..######+
...#.~~≈~~~....#.⌠.#
...#.~≈~~~.....#...#
...#.~~~.......#@###
####...........#K:$#
...............#__4#
▓▓▓▓▓▓▓▓▓▓▓▓▓▓▓▓▓▓▓▓


You could see a kobold demonologist and a red devil (summoned).

Vanquished Creatures
  A water elemental (D)
  Crazy Yiuf (D)
  Jessica (D)
  A human (D)
  An endoplasm (D)
  2 rats (D)
7 creatures vanquished.

Notes
Turn   | Place    | Note
-------+----------+-------------------------------------------
     0 | D        | Groucho the Spriggan Earth Elementalist began the quest for
                  | the Orb.
     0 | D        | Reached XP level 1. HP: 9/9 MP: 5/5
    40 | D        | Noticed Jessica
    45 | D        | Killed Jessica
    46 | D        | Reached XP level 2. HP: 13/13 MP: 0/8
   118 | D        | Reached XP level 3. HP: 16/16 MP: 7/9
   122 | D        | Learned a level 3 spell: Stone Arrow
   322 | D        | Reached skill level 5 in Dodging
   322 | D        | Reached skill level 1 in Conjurations
   322 | D        | Reached skill level 5 in Earth Magic
   470 | D        | Noticed Crazy Yiuf
   864 | D        | Killed Crazy Yiuf
   865 | D        | Reached skill level 5 in Spellcasting
   865 | D        | Reached XP level 4. HP: 11/21 MP: 8/12
  1169 | D        | Noticed a water elemental
  1203 | D        | Killed a water elemental
  1366 | D        | Found a radiant altar of Vehumet.
  1367 | D        | Found a shimmering blue altar of Sif Muna.
  1367 | D        | Found an ancient bone altar of Kikubaaqudgha.
  1367 | D        | Noticed a wizard
  1370 | D        | Noticed a red devil
  1370 | D        | Slain by a red devil

Illustrated notes

Levels and vault maps discovered:
D:        dungeon_sprint_mu [sprint_mu_entry_forest, sprint_mu_temple_rooms,
          sprint_mu_d1_horrors, sprint_mu_d2_genie, sprint_mu_d3_branching,
          sprint_mu_orc_legion, sprint_mu_elf_gauntlet, sprint_mu_hive_nellie,
          sprint_mu_lair_fedhas, sprint_mu_vaults_butterflies,
          sprint_mu_slime_circle, sprint_mu_swamp_cave, sprint_mu_shoals_kraken,
          sprint_mu_blade_basic, sprint_mu_crypt_chambers,
          sprint_mu_tomb_spiral, sprint_mu_vestibule_basic,
          sprint_mu_gehenna_hellfire, sprint_mu_dis_giant,
          sprint_mu_tartarus_statrot, sprint_mu_cocytus_islands, sprint_mu_zot1]

Skill      XL: |  1  2  3  4 |
---------------+-------------+-----
Dodging        | 4 5 6 |  6.3
Spellcasting   | 4 5 |  5.8
Earth Magic    | 4 5 6 |  6.2
Conjurations   | 2 3 |  3.2
Stealth        | |  3.0
Transmutations | |  1.3

Action                   |  1- 3 |  4- 6 || total
-------------------------+-------+-------++-------
Melee: Unarmed           |     3 |       ||     3
 Cast: Sandblast         |    21 |    11 ||    32
Armor: Robe              |       |     1 ||     1
Dodge: Dodged            |     3 |     4 ||     7
